 Dungeon Crawl Stone Soup version 0.16.1-14-g82efdee (webtiles) character file.

180471 arnash the Warrior (level 17, -5/163 HPs)
             Began as a Minotaur Fighter on Apr 8, 2015.
             Was the Champion of Cheibriados.
             Killed by drain life
             ... invoked by a soul eater
             ... summoned by a deep elf sorcerer
              (17 damage)
             ... on level 3 of the Elven Halls on Apr 12, 2015.
             The game lasted 04:36:07 (41342 turns).

arnash the Warrior (Minotaur Fighter)              Turns: 41342, Time: 04:36:07

Health: -5/163     AC: 41    Str: 41    XL:     17   Next: 64%
Magic:  0/27       EV: 20    Int: 21    God:    Cheibriados [******]
Gold:   2561       SH:  0    Dex: 25    Spells: 0 memorised, 16 levels left

rFire  + . .     SeeInvis +     a - +6 broad axe (protect)
rCold  + + .     Clarity  .     T - +7 chain mail of Beogh's Brutal Revenge {rF+ rC+ Str+4 Dex-2 Slay+2}
rNeg   . . .     SustAb   .     (no shield)
rPois  +         Gourm    +     C - +2 hat {Spirit}
rElec  .         Spirit   +     G - +2 cloak
rCorr  .         Warding  .     w - +2 pair of gloves
rMut   .         Stasis   .     Q - +2 pair of boots
MR     ++...                    O - amulet of the gourmand
Stlth  +.........               K - ring of see invisible
                                c - ring of Cellieczo {rPois rC+ MR+ AC+6 Int-3 Stlth+}

@: silence, very slow, very resistant to hostile enchantments, very unstealthy
A: retaliatory headbutt, horns 2, spit poison 1
a: Spit Poison, Renounce Religion


You were on level 3 of the Elven Halls.
You worshipped Cheibriados.
Cheibriados was exalted by your worship.
You were not hungry.

You visited 6 branches of the dungeon, and saw 32 of its levels.
You visited the Abyss 1 time.
You also visited: Labyrinth and Wizlab.

You collected 3301 gold pieces.
You spent 740 gold pieces at shops.

Inventory:

Hand weapons
 a - a +6 broad axe of protection (weapon)
 b - a +8 quarterstaff of freezing
 X - a +2 longbow of flaming
Missiles
 n - 9 arrows of flame
 u - 4 tomahawks (quivered)
Armour
 w - a +2 pair of gloves (worn)
 C - a +2 hat of spirit shield (worn)
 G - a +2 cloak (worn)
 Q - a +2 pair of boots (worn)
 T - the +7 chain mail of Beogh's Brutal Revenge (worn) {rF+ rC+ Str+4 Dex-2 Slay+2}
   (You found it on level 8 of the Dungeon)

   It affects your strength (+4).
   It affects your dexterity (-2).
   It affects your accuracy and damage with ranged weapons and melee attacks
   (+2).
   It protects you from fire.
   It protects you from cold.
Jewellery
 c - the ring of Cellieczo (left hand) {rPois rC+ MR+ AC+6 Int-3 Stlth+}
   (You found it on level 8 of the Dungeon)

   [ring of protection]

   It affects your AC (+6).
   It affects your intelligence (-3).
   It protects you from cold.
   It protects you from poison.
   It affects your resistance to hostile enchantments.
   It makes you more stealthy.
 f - an uncursed ring of invisibility
 o - a cursed ring of protection from cold {unknown}
 t - an uncursed ring of ice
 y - a +2 ring of strength
 B - an uncursed ring of protection from fire
 H - an uncursed amulet of faith
 I - an uncursed ring of fire
 K - a ring of see invisible (right hand)
 O - an amulet of the gourmand (around neck)
Magical devices
 v - a wand of disintegration (5)
 N - a wand of flame (13)
 P - a wand of flame (17)
 R - a wand of frost (30)
 S - a wand of digging (12)
Scrolls
 j - a scroll of magic mapping
 E - 2 scrolls of remove curse
 L - 2 scrolls of teleportation
Potions
 e - 5 potions of might
 h - a potion of cancellation
 i - a potion of flight
 m - a potion of lignification
 p - 4 potions of agility
 q - 3 potions of resistance
 r - a potion of magic
 s - 2 potions of restore abilities
Comestibles
 k - 3 fruits
 U - 5 bread rations


   Skills:
 + Level 17.9 Fighting
 - Level 15.2(15.3) Axes
   Level 0.8(13.7) Maces & Flails
   Level 3.3(14.0) Polearms
 - Level 15.0(15.1) Staves
 * Level 4.1 Bows
 - Level 8.7 Throwing
 - Level 8.2 Armour
 - Level 10.5 Dodging
 + Level 7.8 Stealth
   Level 3.7 Shields
 - Level 10.9 Invocations
 - Level 9.8 Evocations


You had 16 spell levels left.
You didn't know any spells.

Dungeon Overview and Level Annotations

Branches:
Dungeon (15/15)            Temple (1/1) D:7            Lair (8/8) D:9
  Snake (0/5) Lair:5        Slime (0/6) Lair:6          Orc (4/4) D:10
    Elf (3/3) Orc:4        Vaults (0/5) D:14         Depths (1/5) D:15
  Swamp: Lair:3-6    Shoals: Lair:3-6

Altars:
Ashenzari
Cheibriados
Dithmenos
Elyvilon
Fedhas
Gozag
Kikubaaqudgha
Makhleb
Nemelex Xobeh
Okawaru
Qazlal
Ru
Sif Muna
Trog
Vehumet
Xom
Yredelemnul
Zin
The Shining One
Jiyva

Shops:
D:4 (   D:9 [   Orc:4 ?*?([

Annotations:
D:13 exclusion: oklob plant
D:14 exclusion: Roxanne, Roxanne
Lair:2 exclusion: 8 oklob plants
Depths:1 the Enchantress


Innate Abilities, Weirdness & Mutations

You reflexively headbutt those who attack you in melee.
You have a pair of horns on your head.
You can spit poison.


Message History

You furiously retaliate!
You headbutt the deep elf blademaster, but do no damage.
The deep elf blademaster hits you with a rapier!
* * * LOW HITPOINT WARNING * * *
The deep elf annihilator gestures wildly while chanting.
The deep elf annihilator blinks!
The deep elf blademaster closely misses you.
You furiously retaliate!
You headbutt the deep elf blademaster!
The deep elf blademaster completely misses you.
The deep elf blademaster hits you with a rapier!
* * * LOW HITPOINT WARNING * * *
The deep elf blademaster hits you but does no damage.
You slice the deep elf blademaster!!
You kill the deep elf blademaster!
Cheibriados thoroughly appreciates the change of pace.
The deep elf annihilator casts a spell.
The deep elf annihilator blinks!
The deep elf demonologist gestures wildly while chanting.
The soul eater draws from the surrounding life force!
You die... ...# eeee.

...# e3. ...# #3# ...# #1# ...#
#3# ...# #.# ...# #e# ...# #.#
...#############@################
#.....#.....#...........#........
##....#.....'.)(........'........
##...'.....#.[)........#........
###'##+####'########'#########'
+..........[...................
+...............[..............
################################
##≈≈≈≈≈≈≈≈≈≈≈≈≈≈≈≈≈≈≈≈≈≈≈≈≈≈≈≈≈≈≈


You could see an Ice Fiend, 4 deep elf annihilators, a deep elf sorcerer, a soul
eater and 2 sun demons.

Vanquished Creatures
  A profane servitor (Abyss:1)
  2 deep elf blademasters (Elf:3)
  A tentacled starspawn (Abyss:1)
  3 thorn hunters (WizLab)
  2 deep elf sorcerers
  Gastronok (Lair:2)
  A stone giant (Depths:1)
  2 very ugly things (D:15)
  Azrael (D:14)
  An ettin (Depths:1)
  Snorg (D:14)
  A deep elf death mage (Elf:3)
  4 vault guards (D:14)
  2 great orbs of eyes
  2 minotaurs
  An ice dragon (Lair:7)
  Harold (Orc:3)
  A naga warrior (Abyss:1)
  Nessos (D:12)
  A rakshasa (D:11)
  6 hydras
  4 death yaks
  9 centaur warriors
  A deep troll earth mage (Depths:1)
  5 orc high priests
  15 dancing weapons (Elf:2)
  A tengu warrior (D:14)
  2 deep troll shamans (Depths:1)
  3 satyrs (WizLab)
  A thrashing horror (Abyss:1)
  A sun demon (Abyss:1)
  Nergalle (Lair:7)
  2 wretched stars (Abyss:1)
  20 deep elf knights
  3 large abominations (Abyss:1)
  3 deep trolls (Depths:1)
  9 starcursed masses (Abyss:1)
  11 deep elf summoners
  4 unseen horrors
  5 hill giants
  4 orc knights (Orc:4)
  A necromancer (D:15)
  A harpy (shapeshifter) (D:15)
  An oklob plant (Lair:2)
  20 deep elf conjurers
  13 ugly things
  A moth of wrath (shapeshifter) (Elf:2)
  8 cyclopes
  A centaur zombie (D:15)
  2 griffons
  3 manticores
  A hornet (shapeshifter) (Elf:1)
  9 orc sorcerers
  2 elephants (Lair:6)
  A rust devil (Orc:4)
  4 fauns (WizLab)
  An octopode (shapeshifter) (Elf:1)
  3 black mambas
  Joseph (Orc:3)
  An orange demon (Elf:1)
  An elephant (shapeshifter) (Elf:3)
  3 torpor snails
  Psyche (D:9)
  6 gargoyles
  11 komodo dragons
  An efreet (D:14)
  An apocalypse crab (Abyss:1)
  15 spiny frogs
  4 smoke demons
  12 deep elf priests
  3 hellwings
  4 fire drakes
  6 trolls
  A demonic crawler (Elf:1)
  8 wandering mushrooms (WizLab)
  A freezing wraith (D:15)
  A jumping spider (shapeshifter) (D:15)
  2 tengu conjurers
  23 blink frogs
  Sonja (Elf:1)
  4 raiju (Abyss:1)
  A hornet zombie (D:15)
  A queen bee (Lair:5)
  2 two-headed ogres
  3 polar bears
  An ice dragon zombie (Abyss:1)
  A slime creature (shapeshifter) (Depths:1)
  A wraith (D:14)
  4 slime creatures (D:15)
  5 ravens
  3 basilisks
  A trapdoor spider (Lab)
  A tarantella (Elf:3)
  8 redbacks
  3 fire elementals (D:14)
  3 wyverns
  50 yaks
  31 deep elf magi
  14 hippogriffs
  14 vampire mosquitoes
  3 hungry ghosts (D:10)
  5 mottled dragons
  28 deep elf fighters
  An insubstantial wisp (Abyss:1)
  2 wargs
  3 nagas
  12 wolves
  5 hell hounds (D:14)
  16 water moccasins
  A sky beast (shapeshifter) (Elf:1)
  A wasp (D:7)
  6 ice beasts
  A necrophage (D:7)
  20 orc warriors
  2 eyes of draining
  14 porcupines
  2 sky beasts
  23 centaurs
  3 boggarts (Depths:1)
  5 ogres
  5 phantoms
  3 boring beetles
  13 crocodiles
  36 giant frogs
  A big kobold (D:7)
  A wyvern zombie (D:15)
  A gnoll sergeant (D:10)
  2 earth elementals (WizLab)
  5 small abominations (Abyss:1)
  2 wyvern skeletons
  7 scorpions
  A troll zombie (D:10)
  38 killer bees
  10 wights
  7 electric eels
  A lava snake (Lair:2)
  A goliath beetle (D:6)
  12 crimson imps
  A quasit (Abyss:1)
  A giant frog zombie (D:11)
  24 orc priests
  14 worker ants
  23 hounds
  12 centaur skeletons
  A gnoll shaman (D:5)
  14 iguanas
  An iguana (shapeshifter) (D:14)
  12 jellies
  A giant frog skeleton (D:9)
  32 orc wizards
  8 hell rats
  A killer bee zombie (D:7)
  9 sheep
  5 ogre zombies (D:10)
  2 hound zombies
  A hound skeleton (D:3)
  A mummy (D:10)
  Robin (D:4)
  27 adders
  12 gnolls
  37 river rats
  5 shadow imps
  A giant mite (D:5)
  4 white imps
  2 ufetubi (Abyss:1)
  4 worms
  2 adder skeletons
  7 giant geckos
  4 oozes
  146 orcs
  A ball python (D:1)
  A bat skeleton (D:4)
  A gnoll zombie (D:10)
  24 goblins
  28 hobgoblins
  12 jackals
  18 kobolds
  16 quokkas
  A ball python skeleton (D:6)
  13 bats
  6 giant cockroaches
  A giant gecko skeleton (D:5)
  6 giant newts
  A giant spore (D:11)
  A goblin skeleton (D:10)
  5 goblin zombies (D:10)
  A hobgoblin skeleton (D:10)
  An orc skeleton (D:10)
  11 orc zombies (D:10)
  A quokka skeleton (D:6)
  15 rats
  6 spectral orcs (Lair:7)
  2 ballistomycetes
  4 briar patches (WizLab)
  2 crawling corpses (Elf:1)
  A fungus (Lair:5)
  A plant (Lair:4)
  34 toadstools (WizLab)
1398 creatures vanquished.

Vanquished Creatures (others)
  A minotaur (Depths:1)
  A hellwing (Elf:3)
  A deep elf mage (Elf:3)
  A shadow (D:13)
  A hell rat (Elf:1)
  A hobgoblin (D:11)
  A jackal (D:7)
  A giant spore (D:7)
  A briar patch (WizLab)
  7 fungi
  2 plants (Lair:8)
  4 starspawn tentacles (Abyss:1)
  2 starspawn tentacle segments (Abyss:1)
  15 toadstools (WizLab)
39 creatures vanquished.

Grand Total: 1437 creatures vanquished

Notes
Turn   | Place    | Note
--------------------------------------------------------------
     0 | D:1      | arnash, the Minotaur Fighter, began the quest for the Orb.
     0 | D:1      | Reached XP level 1. HP: 19/19 MP: 1/1
   279 | D:1      | Found a snail-covered altar of Cheibriados.
   285 | D:1      | Became a worshipper of Cheibriados the Contemplative
   342 | D:1      | Reached XP level 2. HP: 25/27 MP: 1/1
   625 | D:2      | Reached skill level 4 in Fighting
   926 | D:2      | Found an opulent altar of Gozag.
   932 | D:2      | Reached XP level 3. HP: 34/34 MP: 2/2
  1488 | D:2      | Acquired Cheibriados' first power
  1812 | D:3      | Reached skill level 5 in Fighting
  1894 | D:3      | Reached XP level 4. HP: 38/42 MP: 2/2
  2295 | D:3      | Reached XP level 5. HP: 42/50 MP: 2/2
  2762 | D:4      | Noticed Robin
  2767 | D:4      | Reached skill level 6 in Fighting
  2778 | D:4      | Killed Robin
  2784 | D:4      | Acquired Cheibriados' second power
  2883 | D:4      | Noticed a centaur
  2891 | D:4      | Killed a centaur
  2891 | D:4      | Reached skill level 5 in Axes
  2891 | D:4      | Reached XP level 6. HP: 38/58 MP: 3/3
  3086 | D:4      | Reached skill level 1 in Invocations
  3110 | D:4      | Found Jotainia's Weapon Boutique.
  3134 | D:4      | Bought 2 tomahawks of returning for 24 gold pieces
  3176 | D:4      | Found a shadowy altar of Dithmenos.
  3473 | D:4      | Noticed a phantom
  3490 | D:4      | Killed a phantom
  3490 | D:4      | Reached skill level 7 in Fighting
  3582 | D:4      | Acquired Cheibriados' third power
  3589 | D:4      | Gained mutation: You can spit poison. [potion of beneficial mutation]
  3592 | D:4      | Reached XP level 7. HP: 66/66 MP: 4/4
  3797 | D:4      | Reached skill level 1 in Throwing
  4073 | D:5      | Entered Level 5 of the Dungeon
  4360 | D:5      | Found a white marble altar of Elyvilon.
  4368 | D:5      | Acquired Cheibriados' fourth power
  4422 | D:5      | Found a glowing golden altar of the Shining One.
  4422 | D:5      | Found a shadowy altar of Dithmenos.
  4427 | D:5      | Found a basalt altar of Yredelemnul.
  5040 | D:5      | Reached skill level 8 in Fighting
  5040 | D:5      | Reached XP level 8. HP: 72/74 MP: 6/7
  5057 | D:5      | Got a creamy pearl robe
  5376 | D:6      | Found an opulent altar of Gozag.
  6252 | D:6      | Identified the +0 robe of Retaeq {-Tele Regen+ Str+5 Slay-4} (You found it on level 5 of the Dungeon)
  6324 | D:6      | Reached skill level 9 in Axes
  6675 | D:7      | Reached skill level 1 in Evocations
  6688 | D:7      | Found a staircase to the Ecumenical Temple.
  6708 | Temple   | Entered the Ecumenical Temple
  6908 | D:7      | Reached XP level 9. HP: 82/82 MP: 11/11
  7042 | D:7      | Reached skill level 10 in Axes
  7385 | D:7      | Paralysed by a wasp for 2 turns
  7389 | D:7      | Reached skill level 5 in Invocations
  7390 | D:7      | Reached skill level 1 in Polearms
  7914 | D:8      | Reached skill level 11 in Axes
  8407 | D:8      | Got a brightly glowing amber ring
  8409 | D:8      | Identified the ring of Cellieczo {rPois rC+ MR+ AC+6 Int-3 Stlth+} (You found it on level 8 of the Dungeon)
  8670 | D:8      | Got an ichor-stained chain mail
  8873 | D:9      | Found Fraxil's Armour Shop.
  8893 | D:9      | Identified the +7 chain mail of Beogh's Brutal Revenge {rF+ rC+ Str+4 Dex-2 Slay+2} (You found it on level 8 of the Dungeon)
  8955 | D:9      | Noticed Psyche
  8958 | D:9      | Killed Psyche
  8958 | D:9      | Reached XP level 10. HP: 89/91 MP: 13/15
  9283 | D:9      | Found a staircase to the Lair.
  9389 | Lair:1   | Entered Level 1 of the Lair of Beasts
  9886 | Lair:1   | Reached skill level 5 in Armour
 10226 | Lair:2   | Reached skill level 12 in Axes
 10460 | Lair:2   | Noticed Gastronok
 10477 | Lair:2   | Reached skill level 5 in Evocations
 10694 | Lair:3   | Noticed a six-headed hydra
 10704 | Lair:3   | Killed a seven-headed hydra
 10704 | Lair:3   | Reached XP level 11. HP: 13/99 MP: 12/18
 11381 | D:9      | Bought a +0 cloak for 54 gold pieces
 11595 | Lair:2   | Killed Gastronok
 11595 | Lair:2   | Reached skill level 10 in Fighting
 11595 | Lair:2   | Reached skill level 1 in Dodging
 11981 | Lair:2   | Noticed an oklob plant
 12007 | Lair:2   | Noticed an oklob plant
 12008 | Lair:2   | Noticed an oklob plant
 12010 | Lair:2   | Noticed an oklob plant
 12016 | Lair:2   | Noticed an oklob plant
 12016 | Lair:2   | Noticed an oklob plant
 12017 | Lair:2   | Noticed an oklob plant
 12025 | Lair:2   | Killed an oklob plant
 12031 | Lair:2   | Noticed an oklob plant
 12045 | Lair:2   | Noticed an oklob plant
 13373 | Lair:4   | Reached XP level 12. HP: 100/110 MP: 19/22
 13558 | Lair:4   | Noticed a death yak
 13558 | Lair:4   | Noticed a death yak
 13559 | Lair:4   | Noticed a death yak
 13574 | Lair:4   | Killed a death yak
 13583 | Lair:4   | Killed a death yak
 13583 | Lair:4   | Reached skill level 5 in Dodging
 13587 | Lair:4   | Killed a death yak
 13923 | Lair:5   | Reached skill level 10 in Invocations
 14310 | Lair:5   | Found a staircase to the Snake Pit.
 14681 | Lair:5   | Noticed a five-headed hydra
 14703 | Lair:6   | Found a labyrinth entrance.
 14708 | Lair:6   | Killed a five-headed hydra
 14811 | Lab      | Entered a labyrinth
 17063 | Lab      | Noticed a minotaur
 17075 | Lab      | Killed a minotaur
 17078 | Lab      | Got a smoking ring mail
 17164 | Lair:6   | Found a staircase to the Slime Pits.
 17165 | Lair:6   | Found a viscous altar of Jiyva.
 17254 | Lair:4   | Reached XP level 13. HP: 103/118 MP: 20/24
 17828 | Lair:6   | Found a staircase to the Swamp.
 17903 | Lair:6   | Reached skill level 1 in Stealth
 18037 | Lair:6   | Noticed a four-headed hydra
 18045 | Lair:6   | Killed a four-headed hydra
 18181 | Lair:6   | Reached skill level 13 in Axes
 18324 | Lair:7   | Noticed a seven-headed hydra
 18336 | Lair:7   | Killed a seven-headed hydra
 18762 | Lair:7   | Noticed Nergalle
 18822 | Lair:7   | Killed Nergalle
 19695 | Lair:1   | Identified the cursed -3 ring mail "Mneinacu" {Str+4 Dex+4} (You took it off a minotaur in a labyrinth)
 20337 | Lair:8   | Entered Level 8 of the Lair of Beasts
 20863 | Lair:8   | Reached skill level 14 in Axes
 21282 | Lair:8   | Reached XP level 14. HP: 123/130 MP: 25/25
 21890 | D:9      | Found a sacrificial altar of Ru.
 21991 | D:9      | Found a deep blue altar of Sif Muna.
 21992 | D:9      | Found a radiant altar of Vehumet.
 22049 | D:9      | Found a burning altar of Makhleb.
 22049 | D:9      | Noticed a blizzard demon
 22185 | D:9      | Reached skill level 1 in Staves
 22748 | D:10     | Entered Level 10 of the Dungeon
 22869 | D:10     | Found a staircase to the Orcish Mines.
 23470 | Orc:1    | Entered Level 1 of the Orcish Mines
 23954 | Orc:3    | Noticed Harold
 23958 | Orc:3    | Reached skill level 5 in Staves
 23978 | Orc:3    | Killed Harold
 24462 | Orc:3    | Noticed Joseph
 24473 | Orc:3    | Killed Joseph
 24805 | Orc:4    | Entered Level 4 of the Orcish Mines
 24812 | Orc:4    | Found a staircase to the Elven Halls.
 24817 | Orc:4    | Found Gakuydd's Antique Armour Boutique.
 24928 | Orc:4    | Reached skill level 5 in Stealth
 25757 | Orc:4    | Found Xoydaryxt's Weapon Shoppe.
 25768 | Orc:4    | Found Shranur's Assorted Antiques.
 25773 | Orc:4    | Found Smarik's Magic Scroll Boutique.
 25774 | Orc:4    | Bought a scroll of enchant weapon for 150 gold pieces
 25775 | Orc:4    | Found Seunaus' Magic Scroll Shoppe.
 25782 | Orc:4    | Bought a scroll of identify for 28 gold pieces
 25782 | Orc:4    | Bought a scroll of enchant weapon for 105 gold pieces
 25782 | Orc:4    | Bought a scroll of enchant armour for 105 gold pieces
 25782 | Orc:4    | Bought a scroll of identify for 28 gold pieces
 25782 | Orc:4    | Bought a scroll of remove curse for 42 gold pieces
 25784 | Orc:4    | Bought a scroll of remove curse for 51 gold pieces
 25784 | Orc:4    | Bought a scroll of remove curse for 51 gold pieces
 25784 | Orc:4    | Bought a scroll of identify for 34 gold pieces
 25784 | Orc:4    | Bought a scroll of identify for 34 gold pieces
 25784 | Orc:4    | Bought a scroll of identify for 34 gold pieces
 26653 | D:11     | Reached skill level 10 in Staves
 27230 | D:12     | Noticed Nessos
 27252 | D:12     | Killed Nessos
 27794 | D:12     | Got an ominously black robe
 28509 | D:13     | Identified the cursed -5 robe of the Trout {Str+3 Int+5} (You found it on level 12 of the Dungeon)
 28636 | D:13     | Identified a scroll of acquirement
 28805 | D:13     | Reached XP level 15. HP: 134/138 MP: 26/26
 29461 | D:14     | Noticed Azrael
 29479 | D:14     | Killed Azrael
 29658 | D:14     | Noticed Roxanne
 29731 | D:14     | Noticed Snorg
 29735 | D:14     | Killed Snorg
 29829 | D:14     | Found a gate to the Vaults.
 30800 | D:15     | Entered Level 15 of the Dungeon
 30812 | D:15     | Reached skill level 15 in Staves
 31376 | D:15     | Found a white marble altar of Elyvilon.
 31637 | D:15     | Found a staircase to the Depths.
 32063 | Depths:1 | Entered Level 1 of the Depths
 32063 | Depths:1 | Noticed the Enchantress
 32394 | Depths:1 | Reached skill level 15 in Fighting
 32441 | D:15     | Reached XP level 16. HP: 60/149 MP: 12/26
 33085 | Elf:1    | Entered Level 1 of the Elven Halls
 33637 | Elf:1    | Reached skill level 5 in Throwing
 34264 | Elf:1    | Found a burning altar of Makhleb.
 34397 | Elf:1    | Identified Sif Muna's Reference Book on Confrontation
 35168 | Elf:1    | Noticed Sonja
 35172 | Elf:1    | Cast into the Abyss (Sonja)
 35392 | Abyss:1  | Reached skill level 16 in Fighting
 35889 | Abyss:1  | Noticed a profane servitor
 35892 | Abyss:1  | Noticed a tentacled starspawn
 35908 | Abyss:1  | Killed a tentacled starspawn
 35910 | Abyss:1  | Killed a profane servitor
 35929 | Elf:1    | Escaped the Abyss
 35929 | Elf:1    | Your ally died
 36075 | Elf:1    | Upgraded the game from 0.16.1-12-gf5c4a84 to 0.16.1-14-g82efdee
 36093 | Elf:1    | Killed Sonja
 36348 | Elf:2    | Reached skill level 10 in Dodging
 36439 | Elf:2    | Found a runed gate.
 36440 | Elf:2    | Found a runed gate.
 36440 | Elf:2    | Found a runed gate.
 37466 | Elf:2    | Reached skill level 17 in Fighting
 37631 | Elf:2    | Reached XP level 17. HP: 116/161 MP: 21/27
 38133 | Elf:3    | Entered Level 3 of the Elven Halls
 38300 | Elf:3    | Found a magical portal.
 38327 | WizLab   | Entered Eringya's Formal Garden
 38930 | WizLab   | Found a blossoming altar of Fedhas.
 38982 | WizLab   | Reached skill level 15 in Axes
 39435 | WizLab   | Identified The Last Volume of the Deep Elf Lorekeeper
 39444 | WizLab   | Identified Sif Muna's Incunabulum of Dislocation and the Entourage (You found it in a wizard's laboratory)
 39459 | WizLab   | Identified Easy Sorcery
 39467 | WizLab   | Identified the Compendium of Talismans
 39661 | Elf:3    | Reached skill level 1 in Bows
 41325 | Elf:3    | Noticed an Ice Fiend
 41342 | Elf:3    | Killed from afar by a soul eater

Action                   |  1- 3 |  4- 6 |  7- 9 | 10-12 | 13-15 | 16-18 || total
-------------------------+-------+-------+-------+-------+-------+-------++-------
Melee: War axe           |    78 |   107 |   211 |    93 |   238 |       ||   727
       Whip              |       |     2 |       |    45 |    28 |       ||    75
       Club              |       |       |    28 |    22 |    14 |       ||    64
       Halberd           |       |       |    53 |    13 |    13 |       ||    79
       Hand axe          |       |       |       |   196 |   143 |       ||   339
       Quarterstaff      |       |       |       |       |   424 |     9 ||   433
       Broad axe         |       |       |       |       |   158 |   518 ||   676
 Fire: Longbow           |       |       |       |       |       |    10 ||    10
Throw: Stone             |     5 |     7 |    82 |    10 |       |       ||   104
       Tomahawk          |       |     1 |     8 |    16 |    93 |    53 ||   171
       Javelin           |       |       |       |       |    19 |       ||    19
Invok: Slouch            |       |       |     2 |     8 |    21 |     5 ||    36
       Step From Time    |       |       |       |     1 |     1 |     2 ||     4
       Bend Time         |       |       |       |     1 |       |       ||     1
 Abil: Spit Poison       |       |     1 |     1 |       |       |       ||     2
Evoke: Wand              |       |       |     8 |    27 |    51 |    15 ||   101
       Phantom mirror    |       |       |       |       |       |     1 ||     1
  Use: Scroll            |     3 |     5 |     4 |    21 |    33 |    10 ||    76
       Potion            |       |     1 |     2 |     4 |    11 |    15 ||    33
 Stab: Confused          |       |       |       |       |     2 |       ||     2
       Distracted        |       |       |       |       |     2 |     3 ||     5
       Sleeping          |       |       |       |       |     2 |     4 ||     6
       Paralysed         |       |       |       |       |     1 |       ||     1
       Invisible         |       |       |       |       |       |     3 ||     3
       Petrifying        |       |       |       |       |       |     1 ||     1
  Eat: Chunk             |     3 |     3 |    20 |    20 |    29 |    19 ||    94
       Pizza             |       |       |       |       |     1 |       ||     1
